 Dungeon Crawl Stone Soup version 0.22.0-38-g04b72b8 (webtiles) character file.

380 iamserjio the Ruffian (level 6, -3/59 HPs)
             Began as a Troll Fighter on Aug 25, 2018.
             Was an Initiate of Cheibriados.
             Slain by a centaur (5 damage)
             ... on level 5 of the Dungeon.
             The game lasted 00:05:36 (949 turns).

iamserjio the Ruffian (Troll Fighter)                Turns: 949, Time: 00:05:36

Health: -3/59      AC:  8    Str: 26    XL:     6   Next: 46%
Magic:  5/5        EV:  8    Int:  7    God:    Cheibriados [......]
Gold:   82         SH:  9    Dex: 10    Spells: 5/5 levels left

rFire    . . .     SeeInvis .     - Unarmed
rCold    . . .     Gourm    +   b - +0 shield
rNeg     . . .     Faith    .   a - +0 robe
rPois    .         Spirit   .   (helmet restricted)
rElec    .         Reflect  .   l - +2 cloak
rCorr    .         Harm     .   (gloves unavailable)
MR       .....                  (boots unavailable)
Stlth    +.........             (no amulet)
HPRegen  0.59/turn              (no ring)
MPRegen  0.09/turn              (no ring)

@: flying, very slow
A: large, unfitting armour, claws 3, fast metabolism 3, gourmand, regeneration
1, shaggy fur 1, tough skin 2
a: Bend Time, Renounce Religion


You were on level 5 of the Dungeon.
You worshipped Cheibriados.
Cheibriados was noncommittal.
You were very hungry.

You visited 2 branches of the dungeon, and saw 6 of its levels.

You collected 82 gold pieces.

Inventory:

Armour
 a - a +0 robe (worn)
 b - a +0 shield (worn)
 l - a +2 cloak (worn)
Scrolls
 f - a scroll of teleportation {unknown}
 g - 2 scrolls of remove curse {unknown}
 h - a scroll of random uselessness {unknown}
 i - 2 scrolls of identify {unknown}
 j - a scroll of fear {unknown}
 k - a scroll of blinking {unknown}
 m - a scroll of enchant weapon {unknown}
 n - 2 scrolls of magic mapping {unknown}
Potions
 c - a potion of might
 e - a potion of flight
Comestibles
 d - 8 rations


   Skills:
 - Level 2.4 Fighting
 - Level 2.4 Dodging
 + Level 2.5 Shields
 * Level 6.8 Unarmed Combat
 + Level 0.5 Invocations


You had 5 spell levels left.
You didn't know any spells.
Your spell library was empty.

Dungeon Overview and Level Annotations

Branches:
Dungeon (5/15)             Temple (1/1) D:4

Altars:
Ashenzari
Cheibriados
Dithmenos
Fedhas
Gozag
Makhleb
Nemelex Xobeh
Okawaru
Qazlal
Sif Muna
Vehumet
Yredelemnul
The Shining One


Innate Abilities, Weirdness & Mutations

You are too large for most types of armour.
You have claws for hands.
Your metabolism is lightning-fast.
You like to eat raw meat.
Your natural rate of healing is unusually fast.
You are covered in fur. (AC +1)
You have very tough skin. (AC +2)


Message History

An arrow appears from out of thin air!
Deactivating autopickup; reactivate with Ctrl-A.
The arrow hits you!
* * * LOW HITPOINT WARNING * * *
You hear a twanging sound.
An arrow appears from out of thin air!
The arrow hits you!
* * * LOW HITPOINT WARNING * * *
Things that are here:
5 arrows; a sky beast corpse Something hits you but does no damage.
Something hits you.
* * * LOW HITPOINT WARNING * * *
You closely miss something. You block something's attack.
You closely miss something. Something hits you.
* * * LOW HITPOINT WARNING * * *
Something hits you.
* * * LOW HITPOINT WARNING * * *
It was a potion of flight.
You feel very buoyant.
You fly up into the air.
Something hits you.
You die...

#.........
#.........
#.........
..
#.........
#..
#.........
#.
#.........
.
#.{.......
#<@.......
#.(.......
##(#..####
#...##
#.#.#
#.#.# #..
. #.. ..
... ..


There were no monsters in sight!

Vanquished Creatures
  A howler monkey (D:5)
  An orc priest (D:4)
  A centaur skeleton (D:4)
  Natasha (D:3)
  4 orc wizards (D:4)
  6 adders
  3 leopard geckos
  3 orcs (D:4)
  2 goblins (D:1)
  3 hobgoblins (D:1)
  3 jackals
  A quokka (D:2)
  3 bats
  2 frilled lizards
  5 kobolds
  A leopard gecko skeleton (D:5)
  7 rats
47 creatures vanquished.

Vanquished Creatures (others)
  A sky beast (D:5)
1 creature vanquished.

Grand Total: 48 creatures vanquished

Notes
Turn   | Place    | Note
-------+----------+-------------------------------------------
     0 | D:1      | iamserjio the Troll Fighter began the quest for the Orb.
     0 | D:1      | Reached XP level 1. HP: 22/22 MP: 0/0
    27 | D:1      | Found a glowing golden altar of the Shining One.
    52 | D:1      | Reached XP level 2. HP: 21/29 MP: 1/1
   105 | D:1      | You fall through a shaft!
   122 | D:2      | Reached skill level 3 in Unarmed Combat
   207 | D:2      | Reached XP level 3. HP: 26/36 MP: 2/2
   225 | D:2      | Reached skill level 4 in Unarmed Combat
   293 | D:4      | Reached XP level 4. HP: 40/44 MP: 3/3
   344 | D:4      | Reached skill level 5 in Unarmed Combat
   510 | D:3      | Reached XP level 5. HP: 50/50 MP: 4/4
   643 | D:3      | Noticed Natasha
   648 | D:3      | Killed Natasha
   719 | D:5      | Entered Level 5 of the Dungeon
   722 | D:5      | Noticed a centaur
   737 | D:5      | Reached skill level 6 in Unarmed Combat
   800 | D:4      | Reached XP level 6. HP: 54/59 MP: 5/5
   841 | D:4      | Found a staircase to the Ecumenical Temple.
   851 | Temple   | Entered the Ecumenical Temple
   871 | Temple   | Became a worshipper of Cheibriados the Contemplative
   936 | D:5      | Noticed a sky beast
   944 | D:5      | Killed a sky beast
   948 | D:5      | HP: 1/59 [something (4)]
   949 | D:5      | Slain by a centaur

Skill      XL: |  1  2  3  4  5 |
---------------+----------------+-----
Unarmed Combat | 3 4 5 6 |  6.8
Fighting       | |  2.4
Dodging        | |  2.4
Shields        | |  2.5
Invocations    | |  0.5

Action                   |  1- 3 |  4- 6 || total
-------------------------+-------+-------++-------
Melee: Unarmed           |    88 |    91 ||   179
  Use: Potion            |       |     1 ||     1
  Eat: Chunk             |     2 |     3 ||     5
Armor: Robe              |    19 |    37 ||    56
Dodge: Dodged            |    22 |    23 ||    45
Block: Shield            |    36 |    31 ||    67
